 Dungeon Crawl Stone Soup version 0.24.0-125-gc4c63601f3 (webtiles) character file.

Game seed: 15372659185370057980, levelgen mode: deterministic

99 Johnny the Digger (level 4, -5/33 HPs)
             Began as a Demigod Earth Elementalist on Feb 22, 2020.
             Killed by divine providence
             ... invoked by an orc priest
              (12 damage)
             ... on level 3 of the Dungeon.
             The game lasted 00:03:02 (2176 turns).

Johnny the Digger (Demigod Earth Elementalist)      Turns: 2176, Time: 00:03:02

Health: -5/33      AC:  2    Str: 11    XL:     4   Next: 22%
Magic:  8/11       EV: 12    Int: 21    God:
Gold:   86         SH:  0    Dex: 16    Spells: 5/9 levels left

rFire    . . .     SeeInvis .   a - +0 hand axe (elec)
rCold    . . .     Gourm    .   (no shield)
rNeg     . . .     Faith    .   c - +0 robe
rPois    .         Spirit   .   (no helmet)
rElec    .         Reflect  .   (no cloak)
rCorr    .         Harm     .   (no gloves)
MR       .....                  (no boots)
Stlth    +.........             (no amulet)
HPRegen  0.11/turn              (no ring)
MPRegen  0.12/turn              (no ring)

@: confused, flying
A: high mp 1
a: no special abilities


You were on level 3 of the Dungeon.
You were hungry.

You visited 1 branch of the dungeon, and saw 3 of its levels.

You collected 86 gold pieces.

Inventory:

Hand Weapons
 a - a +0 hand axe of electrocution (weapon)
Missiles
 b - 148 stones (quivered)
Armour
 c - a +0 robe (worn)
Magical Staves
 r - an uncursed staff of fire {unknown}
Jewellery
 g - a +2 ring of slaying {unknown}
Scrolls
 h - 2 scrolls of enchant weapon {unknown}
 i - 3 scrolls of enchant armour {unknown}
 j - a scroll of fog {unknown}
 k - 2 scrolls of identify {unknown}
 m - a scroll of remove curse {unknown}
 n - 3 scrolls of teleportation {unknown}
 o - a scroll of blinking {unknown}
 q - a scroll of noise {unknown}
Potions
 l - a potion of mutation {unknown}
 p - a potion of ambrosia {unknown}
Comestibles
 d - 3 rations


   Skills:
 - Level 1.7 Dodging
 - Level 1.7 Stealth
 + Level 3.0 Spellcasting
   Level 0.8 Transmutations
 + Level 3.9 Earth Magic


You had 5 spell levels left.
You knew the following spells:

 Your Spells              Type           Power        Failure   Level  Hunger
a - Sandblast             Erth           ###...       2%          1    None
b - Stone Arrow           Conj/Erth      ##....       19%         3    ###....

Your spell library contained the following spells:

 Spells                   Type           Power        Failure   Level  Hunger
 Passwall                 Tmut/Erth      ##......     8%          2    ##.....
 Confusing Touch          Hex            #.....       13%         1    None
 Confuse                  Hex            #.......     36%         3    ###....
 Gell's Gravitas          Tloc           #.........   36%         3    ###....
 Petrify                  Tmut/Erth      ##......     43%         4    ####...
 Lee's Rapid Deconstruct  Erth           ###.......   58%         5    ######.
 Yara's Violent Unravell  Hex/Tmut       #.........   97%         5    ######.
 Metabolic Englaciation   Hex/Ice        #.........   98%         5    ######.


Dungeon Overview and Level Annotations

Branches:
Dungeon (3/15)


Innate Abilities, Weirdness & Mutations

You have an increased reservoir of magic. (+10% MP)


Message History

Unknown command.
Unknown command.
Unknown command.
Unknown command.
Unknown command.
It was a potion of curing.
You feel better.
The orc wizard hits you but does no damage.
The orc priest begins to cast a cantrip, but forgets the words!
Unknown command.
Casting: Sandblast (safe; 2% risk of failure)
Confirm with . or Enter, or press ? or * to list all spells.
Okay, then.
It was a potion of flight.
You feel very buoyant.
You fly up into the air.
The orc wizard casts a spell at you.
You are confused.
The orc priest calls down the wrath of Beogh upon you.
Beogh smites you!
You die...

##.#### # ..... ..
#.#.## .. #....##.#
#.......# #o..# #..
##o## ... #o# #.# #@#
#.# ##'## #.# ##...##
#.# ##.....## #.###
#.[.....## #.#.##
#.......†.###....#####
+.........'...........
#.........##........##
##.......###..#.###.#


You could see an orc priest and 2 orc wizards.

Vanquished Creatures
  Terence (D:2)
  2 oozes
  2 worms
  3 dart slugs
  2 leopard geckos (D:1)
  An orc (D:3)
  A ball python (D:2)
  5 bats
  3 giant cockroaches
  3 goblins
  2 hobgoblins (D:1)
  14 kobolds
  2 quokkas
  3 frilled lizards
  4 rats
48 creatures vanquished.

Vanquished Creatures (others)
  An adder (D:3)
  A kobold (D:3)
2 creatures vanquished.

Grand Total: 50 creatures vanquished

Notes
Turn   | Place    | Note
-------+----------+-------------------------------------------
     0 | D:1      | Johnny the Demigod Earth Elementalist began the quest for
                  | the Orb.
     0 | D:1      | Reached XP level 1. HP: 14/14 MP: 5/5
   344 | D:1      | Reached XP level 2. HP: 15/20 MP: 5/7
   895 | D:2      | Reached XP level 3. HP: 22/26 MP: 9/9
  1001 | D:2      | Noticed Terence
  1402 | D:1      | Learned a level 3 spell: Stone Arrow
  1599 | D:2      | Killed Terence
  2018 | D:3      | Reached XP level 4. HP: 29/33 MP: 11/11
  2174 | D:3      | HP: 1/33 [orc wizard/magic dart (9)]
  2176 | D:3      | Killed from afar by an orc priest

Levels and vault maps discovered:
D:1:      lightli_molten_gateway, layout_basic, chequers_serial_rivers_room_a
D:2:      layout_basic, uniq_terence
D:3:      layout_loops_corners, marbit_many_paths, lemuel_old_faithful

Skill      XL: |  1  2  3  4 |
---------------+-------------+-----
Spellcasting   | 2 3 |  3.0
Earth Magic    | 3 |  3.9
Dodging        | |  1.7
Stealth        | |  1.7
Transmutations | |  0.8

Action                   |  1- 3 |  4- 6 || total
-------------------------+-------+-------++-------
Melee: Hand axe          |   103 |    22 ||   125
       Unarmed           |     4 |       ||     4
 Cast: Sandblast         |    12 |     3 ||    15
       Stone Arrow       |     1 |       ||     1
  Use: Potion            |       |     2 ||     2
 Stab: Sleeping          |     4 |       ||     4
  Eat: Chunk             |     3 |     1 ||     4
Armor: Robe              |    31 |     1 ||    32
Dodge: Dodged            |    95 |    16 ||   111
